 Dungeon Crawl Stone Soup version 0.21-a0-508-gf08a75f (webtiles) character file.

89 Gerstahl the Slasher (level 4, -1/42 HPs)
             Began as a Naga Skald on Nov 29, 2017.
             Slain by an orc
             ... wielding a +6 falchion
              (3 damage)
             ... on level 2 of the Dungeon.
             The game lasted 00:05:39 (1838 turns).

Gerstahl the Slasher (Naga Skald)                   Turns: 1838, Time: 00:05:40

Health: -1/42      AC:  2    Str: 14    XL:     4   Next: 55%
Magic:  1/7        EV:  9    Int: 14    God:
Gold:   160        SH:  0    Dex: 10    Spells: 6/7 levels left

rFire    . . .     SeeInvis +   a - +0 falchion
rCold    . . .     Gourm    .   (no shield)
rNeg     . . .     Faith    .   b - +0 leather armour
rPois    +         Spirit   .   (no helmet)
rElec    .         Reflect  .   (no cloak)
rCorr    .         Harm     .   (no gloves)
MR       .....                  (no barding)
Stlth    +.........             g - amulet of regeneration
HPRegen  0.54/turn              (no ring)
MPRegen  0.10/turn              (no ring)

@: infused (expiring), very slow
A: large, see invisible, deformed body, poison resistance, slowness 2, slow
metabolism 1, spit poison 1, AC +1
a: Spit Poison


You were on level 2 of the Dungeon.
You were hungry.

You visited 1 branch of the dungeon, and saw 3 of its levels.

You collected 160 gold pieces.

Inventory:

Hand Weapons
 a - a +0 falchion (weapon)
Armour
 b - a +0 leather armour (worn)
Jewellery
 g - an amulet of regeneration (around neck)
Scrolls
 e - a scroll of remove curse {unknown}
 f - a scroll of fog {unknown}
 i - 4 scrolls of identify {unknown}
 j - a scroll of enchant weapon {unknown}
 k - a scroll of random uselessness {unknown}
 m - a scroll of magic mapping {unknown}
Potions
 h - a potion of heal wounds {unknown}
Books
 c - a book of Battle

   Spells                             Type                      Level
   a - Infusion                       Charms                       1
   b - Shroud of Golubria             Charms/Translocation         2
   c - Song of Slaying                Charms                       2
   d - Spectral Weapon                Hexes/Charms                 3
   e - Regeneration                   Charms/Necromancy            3
Comestibles
 d - 2 bread rations
 l - a royal jelly


   Skills:
 + Level 3.5 Fighting
 + Level 3.5 Long Blades
 - Level 0.7 Armour
 - Level 1.5 Dodging
 - Level 2.0 Spellcasting
 - Level 3.0 Charms


You had 6 spell levels left.
You knew the following spells:

 Your Spells              Type           Power        Failure   Level  Hunger
a - Infusion              Chrm           #...         9%          1    ##.....


Dungeon Overview and Level Annotations

Branches:
Dungeon (3/15)

Altars:


Innate Abilities, Weirdness & Mutations

You cannot wear boots.
Your serpentine skin is tough. (AC +1)
You have supernaturally acute eyesight. (SInv)
Armour fits poorly on your strangely shaped body.
Your system is resistant to poisons. (rPois)
You cover ground very slowly.
You have a slow metabolism.
You can spit poison.


Message History

* * * LOW HITPOINT WARNING * * *
The orc wizard hits you but does no damage.
You hit the orc wizard!
You kill the orc wizard!
Your magical infusion is running out.
The orc hits you with an enchanted falchion!
* * * LOW HITPOINT WARNING * * *
You hit the orc but do no damage. The orc barely misses you.
You hit the orc.
The orc is heavily wounded.
The orc hits you with an enchanted falchion.
* * * LOW HITPOINT WARNING * * *
You completely miss the orc.
The orc is heavily wounded.
You have got your breath back.
The orc barely misses you.
You closely miss the orc.
The orc is heavily wounded.
The orc hits you with an enchanted falchion.
You die...

########## #....÷...#
#.######.# ###### #.#.#.##.#
####....### #.#......#
#@)'......########
#.#.########o##..............
#.#........#.................
#.#..#####.######'#.#.#######
#.#..<####.#....#.#.#..######
#.#..........##.#.#..........
#.#.#†####...##.#.####..####.
#.#.#....#......#.......## #.
#.#.###.##..##..#######..# #.


You could see an orc.

Vanquished Creatures
  An orc wizard (D:2)
  An ooze (D:1)
  2 dart slugs (D:2)
  3 leopard geckos (D:1)
  2 orcs (D:3)
  5 bats
  2 giant cockroaches (D:1)
  9 goblins
  2 hobgoblins (D:2)
  3 jackals (D:2)
  7 kobolds
  A frilled lizard (D:2)
  6 rats (D:1)
44 creatures vanquished.

Notes
Turn   | Place    | Note
-------+----------+-------------------------------------------
     0 | D:1      | Gerstahl the Naga Skald began the quest for the Orb.
     0 | D:1      | Reached XP level 1. HP: 19/19 MP: 3/3
   108 | D:1      | Reached XP level 2. HP: 19/27 MP: 3/5
   582 | D:1      | Reached XP level 3. HP: 33/33 MP: 6/6
  1749 | D:3      | Reached XP level 4. HP: 23/42 MP: 4/7
  1836 | D:2      | HP: 1/42 [orc/enchanted falchion (5)]
  1838 | D:2      | Slain by an orc

Vault maps used:
D:1:      minmay_arrival_pointy, roderic_three_in_a_row, minivault_19
D:3:      lemuel_round_altar, uniq_ijyb

Skill      XL: |  1  2  3 |
---------------+----------+-----
Long Blades    | 3 |  3.5
Fighting       | 3 |  3.5
Armour         | |  0.7
Dodging        | |  1.5
Spellcasting   | |  2.0
Charms         | |  3.0

Action                   |  1- 3 |  4- 6 || total
-------------------------+-------+-------++-------
Melee: Falchion          |    88 |    15 ||   103
 Cast: Infusion          |     5 |     1 ||     6
 Abil: Spit Poison       |    15 |     5 ||    20
 Stab: Distracted        |     1 |       ||     1
  Eat: Chunk             |     3 |       ||     3
Armor: Leather armour    |    32 |     1 ||    33
Dodge: Dodged            |    77 |    10 ||    87
       Rpst.: Falchion   |    28 |     3 ||    31

Table legend:
 A = Spawn XP
 B = Non-spawn XP
 C = Spawn XP percentage of total XP
 D = Spawn monster count
 E = Non-spawn monster count
 F = Spawn count percentage of total count
 G = Total turns spent on level
                    A         B        C        D         E        F      G
               +---------+---------+-------+---------+---------+-------+---------
         Total |       0 |     128 |   0.0 |       0 |      44 |   0.0 |  1838
               +---------+---------+-------+---------+---------+-------+---------
           D:1 |       0 |      47 |   0.0 |       0 |      23 |   0.0 |  1073
           D:2 |       0 |      69 |   0.0 |       0 |      15 |   0.0 |   687
           D:3 |       0 |      12 |   0.0 |       0 |       6 |   0.0 |    78
               +---------+---------+-------+---------+---------+-------+---------
